[Event "Late-Titled-Tuesday-Blitz-January-16-2024"]
[Site "Chess.com"]
[Date "2024.01.16"]
[Round "8"]
[White "santosalberto1987"]
[Black "Iuckyducky"]
[Result "1-0"]
[WhiteElo "2496"]
[BlackElo "2339"]
[TimeControl "180+1"]
[EndTime "15:26:37 PST"]
[Termination "santosalberto1987 won by resignation"]

1. e4 c5 2. Nf3 d6 3. Bb5+ Nd7 4. d4 a6 5. Bxd7+ Bxd7 6. Nc3 cxd4 7. Qxd4 Nf6 8. Bg5 h6 9. Bxf6 gxf6 10. O-O-O e6 11.
Kb1 Be7 12. Rhe1 Qc7 13. Qd2 O-O-O 14. Nd4 Rhg8 15. g3 Rg5 16. Nb3 h5 17. h4 Rc5 18.
Nxc5 Qxc5 19. Qd4 Qc6 20. Nd5 Bf8 21. Nb6+ Kb8 22. Nxd7+ Rxd7 23. f4 Rc7 24. Rd2 Bg7 25. Qxd6 Qc4 26. Qd3 Qc5 27. Qd8+ Ka7 28. Qd4 f5 29. Qxg7 1-0

[Event "Late-Titled-Tuesday-Blitz-January-16-2024"]
[Site "Chess.com"]
[Date "2024.01.16"]
[Round "8"]
[White "TangerineandLemon25"]
[Black "Actuary44"]
[Result "1-0"]
[WhiteElo "2624"]
[BlackElo "2497"]
[TimeControl "180+1"]
[EndTime "15:26:41 PST"]
[Termination "TangerineandLemon25 won by resignation"]

1. b3 e5 2. Bb2 d6 3. e3 f5 4. d4 e4 5. c4 Nf6 6. Nd2 g6 7. Qc2 Bg7 8. Be2 O-O 9. h4 c6 10.
Nh3 d5 11. h5 Na6 12. a3 Nc7 13. hxg6 hxg6 14. Nf4 g5 15. Ng6 Re8 16. Ne5 f4 17. O-O-O Bf5 18. g4 Bh7 19. exf4 e3 20. Bd3 exd2+ 21.
Rxd2 Ne4 22. f3 Bxe5 23. dxe5 gxf4 24. fxe4 Qg5 25. exd5 Bxd3 26. Qxd3 Re7 27. d6 Rd8 28. dxc7 Rxd3 29. c8=Q+ 1-0

[Event "Late-Titled-Tuesday-Blitz-January-16-2024"]
[Site "Chess.com"]
[Date "2024.01.16"]
[Round "8"]
[White "dosto07"]
[Black "Sic_Transit_GM"]
[Result "1-0"]
[WhiteElo "2546"]
[BlackElo "2661"]
[TimeControl "180+1"]
[EndTime "15:26:43 PST"]
[Termination "dosto07 won by resignation"]

1. e4 g6 2. d4 Bg7 3. Nf3 c6 4. Nc3 d5 5. h3 dxe4 6. Nxe4 Nf6 7. Nxf6+ exf6 8. Be2 O-O 9. O-O Nd7 10. c4 Nb6 11. Be3 Be6 12. b3 Re8 13. Qd2 Nc8 14. Rfe1 Nd6 15.
Bd3 Nf5 16. Bxf5 Bxf5 17. Rad1 Be4 18. Nh2 g5 19. d5 cxd5 20. cxd5 h6 21. d6 Qd7 22.
Rc1 Bc6 23. Nf1 Re6 24. Bc5 b6 25. Ba3 Rae8 26. Ng3 Rxe1+ 27. Rxe1 Rxe1+ 28. Qxe1 f5 29. Nh5 Bh8 30. Qd2 f4 31. Bb2 f5 32. Bxh8 Kxh8 33. Qc3+ Kh7 34. Nf6+ 1-0

[Event "Late-Titled-Tuesday-Blitz-January-16-2024"]
[Site "Chess.com"]
[Date "2024.01.16"]
[Round "8"]
[White "Navyblue1"]
[Black "RianKapriaga"]
[Result "0-1"]
[WhiteElo "2178"]
[BlackElo "2353"]
[TimeControl "180+1"]
[EndTime "15:26:45 PST"]
[Termination "RianKapriaga won by resignation"]

1. d4 Nf6 2. c4 e6 3. Nf3 d5 4. Nc3 Be7 5. cxd5 exd5 6. Bg5 h6 7. Bh4 O-O 8. e3 c6 9. Qc2 Re8 10. Bd3 Ne4 11. Bxe7 Qxe7 12. O-O Bf5 13. Nd2 Nxd2 14. Qxd2 Bxd3 15. Qxd3 Nd7 16. Rab1 a5 17. Rfc1 Qg5 18. h3 Re6 19. Rc2 Rae8 20. Nd1 Rg6 21. f4 Qg3 22. Kh1 Nf6 23. Qf1 Ne4 24. Re2 Nd6 25. b4 axb4 26.
Rxb4 b5 27. Rb3 Ne4 28. Qf3 Qxf3 29. gxf3 Ng3+ 30. Kh2 Nxe2 0-1

[Event "Late-Titled-Tuesday-Blitz-January-16-2024"]
[Site "Chess.com"]
[Date "2024.01.16"]
[Round "8"]
[White "AntonSmirnov"]
[Black "mishanick"]
[Result "1/2-1/2"]
[WhiteElo "2971"]
[BlackElo "3106"]
[TimeControl "180+1"]
[EndTime "15:26:46 PST"]
[Termination "Game drawn by repetition"]

1. e4 c5 2. Nf3 e6 3. d4 cxd4 4.
Nxd4 Nf6 5. Nc3 Nc6 6. Ndb5 Bc5 7.
Bf4 O-O 8. Bc7 Qe7 9. Bd6 Bxd6 10. Qxd6 Qd8 11. Nd4 Ne8 12. Nxc6 bxc6 13. Qd2 d5 14. Bd3 Rb8 15. b3 Qa5 16. O-O Nf6 17. Rfe1 Ba6 18. e5 Nd7 19. Bxa6 Qxa6 20. Re3 c5 21. Na4 Qc6 22. Rae1 Rb4 23. Rg3 g6 24. Qh6 Re8 25. Rh3 Nf8 26. c4 dxc4 27. Nc3 cxb3 28.
axb3 Rxb3 29. Rhe3 Nd7 30. Rh3 Nf8 31. Rhe3 Nd7 32.
Rh3 Nf8 1/2-1/2

[Event "Late-Titled-Tuesday-Blitz-January-16-2024"]
[Site "Chess.com"]
[Date "2024.01.16"]
[Round "8"]
[White "IPAchess"]
[Black "sergeikim"]
[Result "0-1"]
[WhiteElo "2382"]
[BlackElo "2554"]
[TimeControl "180+1"]
[EndTime "15:26:49 PST"]
[Termination "sergeikim won by resignation"]

1. d4 Nf6 2. c4 g6 3. Nf3 Bg7 4. Nc3 d6 5. Bg5 O-O 6. e3 Nbd7 7. Be2 e5 8. Qc2 Re8 9. h3 c6 10. Rd1 h6 11. Bh4 Qe7 12. O-O g5 13. Bg3 e4 14.
Nd2 Nf8 15. b4 Bf5 16. a4 Ng6 17. a5 a6 18. Qa4 h5 19. b5 h4 20. Bh2 Qd7 21.
bxc6 bxc6 22. d5 c5 23. Qxd7 Nxd7 24. Na4 Be5 25. Rb1 Rab8 26. Nb6 Nxb6 27. Rxb6 Rxb6 28. axb6 Rb8 29. Rb1 Rb7 30. Bd1 Bxh2+ 31. Kxh2 Ne5 32. Ba4 Bd7 33. Bxd7 Nxd7 34. Nxe4 Rxb6 35. Rxb6 Nxb6 36. Nxd6 a5 37. Nb7 a4 38. Nxc5 a3 39. Nb3 Nxc4 40. g3 Kf8 41. Kg2 a2 42. gxh4 gxh4 43. Kf1 Nd2+ 0-1

[Event "Late-Titled-Tuesday-Blitz-January-16-2024"]
[Site "Chess.com"]
[Date "2024.01.16"]
[Round "8"]
[White "Alexei_Gubajdullin"]
[Black "OYAcosta"]
[Result "0-1"]
[WhiteElo "2589"]
[BlackElo "2161"]
[TimeControl "180+1"]
[EndTime "15:26:50 PST"]
[Termination "OYAcosta won by resignation"]

1. e4 c6 2. Nc3 d5 3. Nf3 Bg4 4. h3 Bxf3 5. Qxf3 e6 6. d4 Nd7 7.
Be3 dxe4 8. Nxe4 Ngf6 9. Bd3 Be7 10. O-O-O Nxe4 11. Qxe4 Nf6 12. Qf3 Qd5 13. Qe2 Qxa2 14.
g4 Nd5 15. c3 a5 16. Bb1 Qb3 17. f4 a4 18. Bc2 Qa2 19. Bb1 Qb3 20. c4 Qxe3+ 21. Qxe3 Nxe3 22. Rd3 Nxc4 23. f5 exf5 24. gxf5 O-O 25. Re1 Bf6 26. Ba2 Nb6 27. Kc2 Rfe8 28.
Rf1 Kf8 29. h4 Nd5 30. h5 Nb4+ 31. Kc3 Nxa2+ 32. Kd2 Nb4 33. Rg3 Nd5 34. h6 gxh6 35.
Kd3 Bg5 36. Kc4 Ra6 37. f6 Rb6 38. Kc5 Rb5+ 39. Kd6 Rd8+ 40. Ke5 Ne3+ 41. Ke4 Nxf1 42. Rc3 Re8+ 43. Kf3 Re3+ 44. Rxe3 Nxe3 45. d5 Nxd5 0-1

[Event "Late-Titled-Tuesday-Blitz-January-16-2024"]
[Site "Chess.com"]
[Date "2024.01.16"]
[Round "8"]
[White "ChessSwole"]
[Black "thesupera12"]
[Result "1-0"]
[WhiteElo "2662"]
[BlackElo "2524"]
[TimeControl "180+1"]
[EndTime "15:27:14 PST"]
[Termination "ChessSwole won by resignation"]

1. e4 d5 2. exd5 Qxd5 3. Nc3 Qa5 4. d4 Nf6 5. Nf3 Bg4 6. h3 Bh5 7. Bd2 c6 8. Bc4 e6 9. Qe2 Bxf3 10. Qxf3 Nbd7 11.
g4 h6 12. O-O-O Qc7 13. h4 Nb6 14. Bb3 O-O-O 15. g5 Nfd5 16. Ne4 h5 17. a3 Qe7 18. c4 Nc7 19. Bf4 g6 20. Be5 Rh7 21. Bf6 Qe8 22. Bxd8 Qxd8 23. Kb1 Bg7 24. Qxf7 Qf8 25. Qxf8+ Bxf8 26. Nf6 Rf7 27. Rhe1 Be7 28. d5 exd5 29. cxd5 cxd5 30.
Nxd5 Ncxd5 31. Bxd5 Rg7 32. Be4 Bd8 33. Bxg6 Rxg6 34.
Re8 Nd7 35. Rc1+ Rc6 36. Rxc6+ bxc6 37. f4 Kc7 38. f5 Nc5 39. g6 Bxh4 40. g7 Ne6 41. Rxe6 1-0

[Event "Late-Titled-Tuesday-Blitz-January-16-2024"]
[Site "Chess.com"]
[Date "2024.01.16"]
[Round "8"]
[White "GMJustin"]
[Black "rdarruda"]
[Result "1-0"]
[WhiteElo "2360"]
[BlackElo "2480"]
[TimeControl "180+1"]
[EndTime "15:27:15 PST"]
[Termination "GMJustin won by resignation"]

1. e4 c5 2. Nf3 Nc6 3. Bb5 g6 4. O-O Bg7 5. c3 Nf6 6. Re1 O-O 7. h3 Qb6 8. Bf1 d6 9. d4 cxd4 10. cxd4 e5 11. d5 Nd4 12. Nxd4 Qxd4 13. Qxd4 exd4 14. Na3 Bd7 15. Bf4 Rfe8 16. Bd3 Rad8 17. Bxd6 Bxh3 18.
gxh3 Rxd6 19. e5 Rxd5 20. exf6 Rxe1+ 21. Rxe1 Bxf6 22. Nc4 Kg7 23. Nd2 Ra5 24. a3 Kf8 25.
Ne4 Be7 26. Rc1 f5 27. Rc8+ Kg7 28. Rc7 Kf8 29. Nd2 b6 30. Nc4 Rc5 31. Rxc5 Bxc5 32.
b4 Be7 33. Ne5 a5 34. Nc6 axb4 35. axb4 Bd6 36. b5 Bc5 37. Bc4 Kg7 38. Kf1 Kf6 39. h4 h6 40. Ke2 g5 41. hxg5+ Kxg5 42. Kd3 h5 43. Nxd4 h4 44. Ne6+ 1-0

[Event "Late-Titled-Tuesday-Blitz-January-16-2024"]
[Site "Chess.com"]
[Date "2024.01.16"]
[Round "8"]
[White "Heinza9"]
[Black "PawnEatingZombie"]
[Result "1-0"]
[WhiteElo "2313"]
[BlackElo "2158"]
[TimeControl "180+1"]
[EndTime "15:27:20 PST"]
[Termination "Heinza9 won by resignation"]

1. e4 e6 2. c4 c5 3. Nc3 Nc6 4.
Nf3 Nd4 5. d3 Ne7 6. Be3 Nec6 7.
g3 a6 8. Bg2 Be7 9. O-O O-O 10.
a3 b6 11. Ne2 Nxf3+ 12. Bxf3 Bb7 13. d4 cxd4 14. Nxd4 Qc7 15. Rc1 Ne5 16. Bg2 d6 17. Qe2 Rac8 18. f4 Nd7 19. f5 e5 20.
Nb3 Nf6 21. Bf2 a5 22. Nd2 a4 23. Qe3 Nd7 24. h4 Nc5 25. g4 Rfe8 26. g5 Bf8 27. f6 g6 28. h5 Ne6 29. Bh3 Rb8 30. hxg6 hxg6 31. Bxe6 Rxe6 32. Kg2 Qd7 33. Qh3 1-0

[Event "Late-Titled-Tuesday-Blitz-January-16-2024"]
[Site "Chess.com"]
[Date "2024.01.16"]
[Round "8"]
[White "iturrizaga"]
[Black "FontVella8"]
[Result "1-0"]
[WhiteElo "3008"]
[BlackElo "2758"]
[TimeControl "180+1"]
[EndTime "15:27:22 PST"]
[Termination "iturrizaga won by resignation"]

1. d4 Nf6 2. Nf3 e6 3. Bf4 d5 4. e3 Bd6 5. Bg3 O-O 6. Bd3 c5 7. dxc5 Bxc5 8. O-O Nc6 9. Nbd2 Bd6 10. c4 Bxg3 11.
hxg3 e5 12. cxd5 Qxd5 13. Qb1 Rd8 14. Bc4 Qa5 15. Ne4 Nd5 16. Neg5 h6 17. Qh7+ Kf8 18. Qh8+ Ke7 19. Qxg7 hxg5 20. Nxg5 Be6 21. Nxe6 Kxe6 22. e4 Ne7 23. exd5+ Nxd5 24. Rad1 Qc5 25. Bb3 Rd6 26.
Rfe1 f6 27. Qxb7 Rad8 28. Rxd5 Rxd5 29. Rd1 1-0

[Event "Late-Titled-Tuesday-Blitz-January-16-2024"]
[Site "Chess.com"]
[Date "2024.01.16"]
[Round "8"]
[White "texie1"]
[Black "Jarrahi2452"]
[Result "0-1"]
[WhiteElo "2514"]
[BlackElo "2631"]
[TimeControl "180+1"]
[EndTime "15:27:23 PST"]
[Termination "Jarrahi2452 won by resignation"]

1. Nf3 d5 2. c4 c6 3. e3 Nf6 4. b3 Bf5 5. Bb2 e6 6. Be2 h6 7. h3 Bd6 8. d3 Nbd7 9. Nbd2 O-O 10.
g4 Bg6 11. Qc2 e5 12. O-O-O a5 13. a3 b5 14. Nh4 Bh7 15. Nf5 Bxf5 16. gxf5 a4 17. b4 c5 18. bxc5 Bxc5 19. d4 exd4 20. exd4 Bd6 21. c5 Bf4 22. Bxb5 Ne4 23. Kb1 Nxf2 24. Nf3 Nxh1 25. Rxh1 Nf6 26. Rg1 Ne4 27. Qg2 Qf6 28. Ne5 Bxe5 29. dxe5 Qg5 30. Bc6 Rab8 31. Qxg5 hxg5 32. Ka2 Nxc5 33. Bxd5 Rfd8 34. Rd1 Kf8 35. e6 fxe6 36. fxe6 Nxe6 37. Rf1+ Nf4 38. h4 Rxd5 39.
hxg5 Rf5 40. Be5 Rxe5 41. Rxf4+ Ke7 42. Rxa4 Rxg5 43. Re4+ Kf6 44. a4 Ra5 45. Ka3 Rba8 46. Rf4+ Kg5 47. Rb4 Rxa4+ 48. Rxa4 Rxa4+ 49. Kxa4 Kf4 50. Kb4 g5 51. Kc3 Kf3 52. Kd2 Kf2 53. Kd3 g4 54. Ke4 g3 55. Kf4 g2 0-1

[Event "Late-Titled-Tuesday-Blitz-January-16-2024"]
[Site "Chess.com"]
[Date "2024.01.16"]
[Round "8"]
[White "Chempiblinka"]
[Black "ural58"]
[Result "1-0"]
[WhiteElo "2312"]
[BlackElo "2422"]
[TimeControl "180+1"]
[EndTime "15:27:27 PST"]
[Termination "Chempiblinka won on time"]

1. Nf3 Nc6 2. g3 d5 3. d4 Bf5 4. Bg2 Nb4 5. Na3 e6 6. O-O h6 7. c3 Nc6 8. b4 Nf6 9. b5 Na5 10. Ne5 Bd6 11. Qa4 b6 12. c4 O-O 13. Bd2 Bxa3 14.
Bxa5 Bd6 15. Nc6 Qd7 16. Bb4 dxc4 17. Ne5 Bxe5 18. Bxa8 Rxa8 19. dxe5 Ng4 20. Rad1 Qe8 21. Bc3 a6 22. Qxc4 axb5 23. Qxc7 Rc8 24. Qxb6 Kh7 25.
Bd4 Rc4 26. h3 Nxf2 27. Bxf2 Bxh3 28. Rfe1 Qe7 29. e4 Rc2 30. Qe3 Qd7 31. Rxd7 1-0

[Event "Late-Titled-Tuesday-Blitz-January-16-2024"]
[Site "Chess.com"]
[Date "2024.01.16"]
[Round "8"]
[White "gxbg2000"]
[Black "SmirnovTimofey2000"]
[Result "1-0"]
[WhiteElo "2065"]
[BlackElo "1957"]
[TimeControl "180+1"]
[EndTime "15:27:32 PST"]
[Termination "gxbg2000 won on time"]

1. e4 e5 2. Nf3 Nf6 3. d4 Nxe4 4.
dxe5 Bc5 5. Be3 Bxe3 6. fxe3 Nc6 7. Bd3 Ng5 8. O-O O-O 9. Nbd2 Qe7 10. Nxg5 Qxg5 11. Nf3 Qe7 12. Qd2 Nxe5 13. Nxe5 Qxe5 14. Rf5 Qe7 15. Rh5 g6 16. Rd5 d6 17. Re1 Be6 18.
Rd4 c6 19. b3 Rad8 20. Rf4 Bc8 21. Qf2 Rde8 22. e4 Qe5 23. Rh4 a6 24. Rf1 Kg7 25. Qe3 h5 26. Qf2 Re6 27. Rf4 Re7 28.
h3 d5 29. exd5 cxd5 30. Kh1 f5 31. Qb6 Qe6 32. Qd4+ 1-0

[Event "Late-Titled-Tuesday-Blitz-January-16-2024"]
[Site "Chess.com"]
[Date "2024.01.16"]
[Round "8"]
[White "j_coca"]
[Black "Eloist"]
[Result "1-0"]
[WhiteElo "2524"]
[BlackElo "2438"]
[TimeControl "180+1"]
[EndTime "15:27:36 PST"]
[Termination "j_coca won on time"]

1. f4 d5 2. Nf3 g6 3. e3 Bg7 4. d4 c5 5. c3 Nf6 6. Bd3 Bf5 7. O-O Bxd3 8. Qxd3 Nbd7 9. Nbd2 O-O 10.
a3 Rc8 11. Ne5 e6 12. Rf3 c4 13. Qc2 b5 14. e4 dxe4 15. Nxe4 Nxe4 16. Qxe4 Nf6 17.
Qe2 h5 18. Bd2 a5 19. Raf1 b4 20. h3 bxa3 21. bxa3 Qd6 22. R1f2 h4 23. Nxc4 Qd5 24.
Nb6 Qa2 25. Nxc8 Rxc8 26. Bc1 Qb1 27. Qc2 Qb6 28. Qb2 Qc6 29. Bd2 Ne4 30. Re2 Ng3 31. Re1 Qc7 32. Qb5 Rb8 33. Qd3 Rb3 34. a4 Ra3 35. Qb5 Bf8 36. c4 Qd8 37. Rxa3 Bxa3 38.
Be3 Nf5 39. d5 Nxe3 40. Rxe3 exd5 41. cxd5 Qd6 42. Qe8+ 1-0

[Event "Late-Titled-Tuesday-Blitz-January-16-2024"]
[Site "Chess.com"]
[Date "2024.01.16"]
[Round "8"]
[White "BardArtem"]
[Black "GlavkonVVS"]
[Result "1-0"]
[WhiteElo "2816"]
[BlackElo "2484"]
[TimeControl "180+1"]
[EndTime "15:27:37 PST"]
[Termination "BardArtem won by resignation"]

1. e4 Nf6 2. e5 Nd5 3. Bc4 Nb6 4. Bb3 c5 5. c3 c4 6. Bc2 Nc6 7. Nf3 d6 8. exd6 exd6 9. O-O Be7 10. d3 d5 11. dxc4 dxc4 12. Bf4 O-O 13. Nbd2 Be6 14. Qe2 Qd5 15. Rad1 Qh5 16. Ne4 Rfe8 17. Ng3 Qg4 18. Qe4 Qg6 19. Qe2 Qg4 20. Bc1 Bd5 21. Bxh7+ Kxh7 22. Ng5+ Qxg5 23. Bxg5 Bxg5 24. Qh5+ Bh6 25.
Rxd5 g6 26. Qf3 Kg8 27. Rd6 Ne5 28. Qxb7 Bf8 29. Rd2 Nd3 30. b4 Re7 31. Qa6 Re5 32. a4 Re6 33. a5 Nd7 34. Qxc4 N7e5 35. Qd5 Rd6 36. Qxa8 1-0

[Event "Late-Titled-Tuesday-Blitz-January-16-2024"]
[Site "Chess.com"]
[Date "2024.01.16"]
[Round "8"]
[White "krzyzan94"]
[Black "Antipov_Mikhail_Al"]
[Result "1-0"]
[WhiteElo "2848"]
[BlackElo "2910"]
[TimeControl "180+1"]
[EndTime "15:27:38 PST"]
[Termination "krzyzan94 won by resignation"]

1. e4 c5 2. Nf3 e6 3. d4 cxd4 4. Nxd4 a6 5. Bd3 Bc5 6. Nb3 Be7 7. Qg4 g6 8. Qe2 b6 9. O-O Bb7 10. a4 d6 11. a5 b5 12. c4 bxc4 13. Bxc4 Nd7 14.
Nc3 h5 15. Nd4 Ngf6 16. Bxe6 fxe6 17. Nxe6 Qc8 18. Bg5 Ne5 19. Bxf6 Bxf6 20. Nd5 Kf7 21. Rac1 Qxe6 22. Rc7+ Kg8 23. Rxb7 Bd8 24. f4 Nd7 25. Qc4 Kf8 26. f5 gxf5 27. Rxf5+ 1-0

[Event "Late-Titled-Tuesday-Blitz-January-16-2024"]
[Site "Chess.com"]
[Date "2024.01.16"]
[Round "8"]
[White "iulik86"]
[Black "RaugintaBulba"]
[Result "0-1"]
[WhiteElo "2594"]
[BlackElo "2465"]
[TimeControl "180+1"]
[EndTime "15:27:39 PST"]
[Termination "RaugintaBulba won by resignation"]

1. d4 Nf6 2. Nc3 g6 3. e4 d6 4.
Bg5 Bg7 5. Qd2 h6 6. Bh4 c6 7.
f4 O-O 8. e5 Nd5 9. Ne4 dxe5 10. dxe5 Qb6 11. O-O-O Ne3 12. Bf2 Nxf1 13. Rxf1 Qa6 14.
Qd3 Qxa2 15. Qa3 Qxa3 16. bxa3 Bf5 17. Ng3 Be6 18. Nf3 Nd7 19. Rd1 Nb6 20. Nd4 Bd5 21. Rhg1 Nc4 22. a4 Rfd8 23. h4 h5 24. Nf1 Bh6 25. g3 Nxe5 26. Ne3 Nf3 27. Nxd5 Nxg1 28. Nxe7+ Kh7 29. Rxg1 Bf8 30. Nexc6 bxc6 31. Nxc6 Ba3+ 32. Kb1 Rdc8 33. Nxa7 Rc4 34. a5 Bc5 0-1

[Event "Late-Titled-Tuesday-Blitz-January-16-2024"]
[Site "Chess.com"]
[Date "2024.01.16"]
[Round "8"]
[White "StellarChess"]
[Black "EsmeraldasAnderson03"]
[Result "0-1"]
[WhiteElo "2560"]
[BlackElo "2403"]
[TimeControl "180+1"]
[EndTime "15:27:44 PST"]
[Termination "EsmeraldasAnderson03 won by resignation"]

1. d4 d5 2. e4 dxe4 3. f3 Nf6 4. Nc3 exf3 5. Nxf3 e6 6. Bd3 Be7 7. Bg5 O-O 8. Qd2 c5 9. dxc5 Nbd7 10. O-O-O Nxc5 11. Qe3 Nxd3+ 12. Rxd3 Qa5 13. h4 b5 14. Qe5 Bb7 15. Qxb5 Qxb5 16. Nxb5 Ba6 17. Rb3 Rfc8 18. Rd1 h6 19. Bd2 Ne4 20. Be1 Nc5 21. Rb4 Nd3+ 22.
Rxd3 Bxb4 23. Bxb4 Bxb5 24. Re3 Rc4 25. a3 a5 26. Bc3 Rac8 27. g3 a4 28. Ne5 R4c7 29.
Rf3 f6 30. Ng4 Be2 31. Rf4 Bxg4 32. Rxg4 Rc4 33. Rxc4 Rxc4 34. Be1 e5 35. Kd2 Rd4+ 36. Ke2 Kf7 37. b3 Ke6 38. Bc3 Re4+ 39. Kd3 Rg4 40.
Be1 g5 41. b4 Kd5 42. Bf2 f5 43. c3 e4+ 44. Kd2 Kc4 45. hxg5 hxg5 46. Be1 f4 47. gxf4 gxf4 48. Ke2 Rg2+ 49. Kf1 Ra2 0-1

[Event "Late-Titled-Tuesday-Blitz-January-16-2024"]
[Site "Chess.com"]
[Date "2024.01.16"]
[Round "8"]
[White "Chessbard1972"]
[Black "iwanyu"]
[Result "1-0"]
[WhiteElo "2447"]
[BlackElo "2668"]
[TimeControl "180+1"]
[EndTime "15:27:46 PST"]
[Termination "Chessbard1972 won on time"]

1. d4 Nf6 2. c4 c5 3. d5 e6 4. Nc3 exd5 5. cxd5 d6 6. Nf3 g6 7. Nd2 Bg7 8. Nc4 O-O 9. Bf4 Nbd7 10. Nxd6 Nh5 11.
Bd2 Qb6 12. Nc4 Qa6 13. e3 b5 14. Na3 Qb7 15. Naxb5 a6 16. Nd6 Qxb2 17. Nc4 Qxc3 18. Bxc3 Bxc3+ 19. Nd2 Re8 20. Rc1 Bb4 21. Be2 Ndf6 22.
O-O Bb7 23. Bf3 Rad8 24. Nc4 Nxd5 25. Qb3 Nhf6 26. a4 g5 27. Rfd1 g4 28. Be2 h5 29.
Na5 Ba8 30. Nc4 Ne4 31. Qc2 Nec3 32. Rd3 Nxe2+ 33. Qxe2 1-0

[Event "Late-Titled-Tuesday-Blitz-January-16-2024"]
[Site "Chess.com"]
[Date "2024.01.16"]
[Round "8"]
[White "SandwichOSaumon"]
[Black "yaguigor"]
[Result "0-1"]
[WhiteElo "2516"]
[BlackElo "2635"]
[TimeControl "180+1"]
[EndTime "15:27:48 PST"]
[Termination "yaguigor won by checkmate"]

1. e4 c5 2. Nf3 Nc6 3. d4 cxd4 4. Nxd4 Nf6 5. Nc3 e5 6. Ndb5 d6 7. Bg5 a6 8. Na3 b5 9. Nd5 Be7 10. Bxf6 Bxf6 11. c4 b4 12. Nc2 O-O 13. Bd3 a5 14.
O-O Bg5 15. b3 Be6 16. Be2 Nb8 17. g3 Nd7 18. f4 exf4 19. gxf4 Bh6 20. Nd4 Nc5 21.
Nc6 Qh4 22. Nde7+ Kh8 23. f5 Be3+ 24. Kh1 Nxe4 25. Qd3 Bf4 26. Rxf4 Qxf4 27. Qf3 Qh4 28. Bd3 Nc5 29. fxe6 fxe6 30. Qe3 Rf2 31. h3 Raf8 32. Be2 Ne4 33. Rg1 Rxe2 34. Qxe2 Qxh3+ 35. Qh2 Nf2# 0-1

[Event "Late-Titled-Tuesday-Blitz-January-16-2024"]
[Site "Chess.com"]
[Date "2024.01.16"]
[Round "8"]
[White "szachmistrz2500"]
[Black "masnyszachistaaa"]
[Result "0-1"]
[WhiteElo "2437"]
[BlackElo "2519"]
[TimeControl "180+1"]
[EndTime "15:27:48 PST"]
[Termination "masnyszachistaaa won by checkmate"]

1. d4 Nf6 2. Nf3 c5 3. d5 g6 4. Nc3 Bg7 5. e4 d6 6. h3 O-O 7. Be2 Na6 8. O-O Nc7 9. a4 e6 10. Bg5 exd5 11. exd5 Re8 12. Qd2 Bf5 13. Bd3 Bxd3 14.
Qxd3 Qd7 15. Rfe1 Rxe1+ 16. Nxe1 Re8 17. a5 Na6 18. Qf3 Qe7 19. Nd3 h6 20. Bh4 g5 21.
Bg3 Qd8 22. Nb5 Ne4 23. Re1 Nxg3 24. Rxe8+ Qxe8 25. Nxd6 Ne2+ 26. Kf1 Qd7 27. Ne4 Nd4 28. Nf6+ Bxf6 29. Qxf6 Qxd5 30. Qxh6 Ne6 31. Qf6 c4 32. Ne5 Qd1# 0-1

[Event "Late-Titled-Tuesday-Blitz-January-16-2024"]
[Site "Chess.com"]
[Date "2024.01.16"]
[Round "8"]
[White "SchmakAttack"]
[Black "platy3"]
[Result "1/2-1/2"]
[WhiteElo "2746"]
[BlackElo "2882"]
[TimeControl "180+1"]
[EndTime "15:27:50 PST"]
[Termination "Game drawn by repetition"]

1. d4 Nf6 2. c4 e6 3. Nf3 Bb4+ 4.
Bd2 a5 5. a3 Bxd2+ 6. Qxd2 d5 7.
e3 O-O 8. Nc3 b6 9. cxd5 exd5 10.
Bd3 Bb7 11. Ne5 c5 12. O-O Nc6 13. f4 cxd4 14. Nxc6 Bxc6 15. exd4 Qd6 16. Rfe1 Rfe8 17. Re5 Nd7 18. Re3 Nf8 19. g3 Ne6 20. Rae1 h6 21.
Bb1 Nf8 22. Re5 f6 23. Rxe8 Rxe8 24. Rxe8 Bxe8 25. Ba2 Bc6 26. Qg2 Ne6 27. Bxd5 Bxd5 28.
Qxd5 Qxd5 29. Nxd5 b5 30. Nc3 Nxd4 31. b4 axb4 32. axb4 Kf7 33. Kf2 Ke6 34. Ke3 Nc2+ 35. Ke4 f5+ 36. Kf3 Nxb4 37. Nxb5 Nc6 38. Ke3 g6 39. Nd4+ Kd5 40. Nxc6 Kxc6 41. Kd4 Kd6 42. Kc4 g5 43. Kd4 g4 44. Kc4 Kc6 45. Kd4 Kd6 46.
Kc4 Kc6 47. Kd4 Kd6 1/2-1/2

[Event "Late-Titled-Tuesday-Blitz-January-16-2024"]
[Site "Chess.com"]
[Date "2024.01.16"]
[Round "8"]
[White "kai_nov"]
[Black "Filipets"]
[Result "0-1"]
[WhiteElo "2286"]
[BlackElo "2573"]
[TimeControl "180+1"]
[EndTime "15:27:53 PST"]
[Termination "Filipets won on time"]

1. d4 f5 2. g3 Nf6 3. Bg2 g6 4. c3 Bg7 5. Qb3 d5 6. Nh3 O-O 7. O-O e6 8. Bf4 Nc6 9. Nd2 h6 10. f3 g5 11. Be5 Nxe5 12. dxe5 Nd7 13. f4 Nc5 14. Qb4 b6 15. Rad1 a5 16. Qd4 Ba6 17. Rfe1 Rf7 18. b4 axb4 19. cxb4 Nb7 20. Nb3 Bf8 21. e4 fxe4 22. fxg5 c5 23. Qd2 Kh7 24. Nf4 Qxg5 25. Nxe6 Qxd2 26. Rxd2 Bc4 27. bxc5 Nxc5 28. Nxf8+ Rfxf8 29. Nxc5 bxc5 30. Rxe4 dxe4 31. Bxe4+ Kg8 32. Bxa8 Rxa8 33. Rc2 Bxa2 34. Rxc5 Kf7 35. Kf2 Be6 36. h4 Kg6 37. Rc7 Ra5 38. Kf3 Rxe5 39. g4 Ra5 40. Rc6 Kf6 0-1

[Event "Late-Titled-Tuesday-Blitz-January-16-2024"]
[Site "Chess.com"]
[Date "2024.01.16"]
[Round "8"]
[White "Statham_01"]
[Black "Maect19"]
[Result "1-0"]
[WhiteElo "2530"]
[BlackElo "2358"]
[TimeControl "180+1"]
[EndTime "15:27:55 PST"]
[Termination "Statham_01 won by resignation"]

1. a4 d5 2. Ra3 Nf6 3. e3 c6 4. f4 Bf5 5. Nf3 e6 6. b3 Nbd7 7. Bb2 Bxa3 8. Nxa3 O-O 9. Qa1 Ne8 10. g4 Be4 11.
Be2 Bxf3 12. Bxf3 Qh4+ 13. Ke2 f6 14. Rg1 e5 15. g5 d4 16. Rg4 Qxh2+ 17. Rg2 Qh3 18.
Nc4 exf4 19. Qg1 Ne5 20. Nxe5 fxe5 21. e4 Qd7 22. Kf2 g6 23. Bg4 Qe7 24. Rh2 Nd6 25.
d3 f3 26. Rh6 Qxg5 27. Be6+ Kg7 28. Qxg5 Rf6 29. Qxe5 Rf8 30. Bxd4 Kxh6 31. Qh2+ Kg7 32.
Qxd6 1-0

[Event "Late-Titled-Tuesday-Blitz-January-16-2024"]
[Site "Chess.com"]
[Date "2024.01.16"]
[Round "8"]
[White "Godzillator"]
[Black "protectiago"]
[Result "1-0"]
[WhiteElo "2337"]
[BlackElo "2050"]
[TimeControl "180+1"]
[EndTime "15:27:55 PST"]
[Termination "Godzillator won by resignation"]

1. Nf3 Nf6 2. b3 e6 3. Bb2 d5 4. e3 c5 5. Be2 Nc6 6. O-O b6 7. Ne5 Bb7 8. Nxc6 Bxc6 9. c4 Bd6 10. cxd5 exd5 11. d4 O-O 12. dxc5 bxc5 13. Bf3 Rc8 14. Nd2 Nd7 15. Rc1 Qe7 16. g3 Ne5 17. Bg2 Nd3 18.
Ba3 Nxc1 19. Qxc1 d4 20. Bxc6 Rxc6 21. exd4 Rfc8 22. d5 R6c7 23. Nc4 Qf6 24. Re1 h6 25. Bb2 Qg6 26. Nxd6 Qxd6 27. Be5 Qxd5 28. Bxc7 Rxc7 29. Re8+ Kh7 30. Qc2+ g6 31. Qe4 Qd1+ 32. Kg2 c4 33. Re7 Rxe7 34. Qxe7 Qd5+ 35. f3 cxb3 36. axb3 a5 37.
Qe3 Kg7 38. h4 h5 39. Qc3+ Kh7 40. Kh3 Qd7+ 41. g4 Qd5 42. gxh5 Qxh5 43. Kg3 Qd5 44. Kg4 Qd7+ 45. Kg3 Qd5 46. Qe3 Qf5 47. Qg5 Qxg5+ 48.
hxg5 Kg7 49. Kf4 f5 50. Ke5 Kf7 51. Kd6 Ke8 52. Ke6 1-0

[Event "Late-Titled-Tuesday-Blitz-January-16-2024"]
[Site "Chess.com"]
[Date "2024.01.16"]
[Round "8"]
[White "DeArron_Fox"]
[Black "angelgab3"]
[Result "1-0"]
[WhiteElo "2462"]
[BlackElo "2593"]
[TimeControl "180+1"]
[EndTime "15:27:56 PST"]
[Termination "DeArron_Fox won by resignation"]

1. d4 Nf6 2. c4 e6 3. Nf3 d5 4. Nc3 dxc4 5. e3 a6 6. Bxc4 b5 7. Bb3 Bb7 8. O-O Be7 9. Qe2 O-O 10. Rd1 Nbd7 11. e4 b4 12. e5 bxc3 13. exf6 Bxf6 14. bxc3 c5 15. Rb1 Qc7 16. Ba3 Rfe8 17. Ba4 Be7 18. dxc5 Bc6 19. Bxc6 Qxc6 20. Nd4 Qc7 21. Nxe6 Qc8 22.
Nxg7 Kxg7 23. Qg4+ Kf8 24. Rxd7 Ra7 25. Bc1 f5 26.
Bh6+ Kf7 27. Qg7+ Ke6 28. Rxa7 1-0